 Dungeon Crawl Stone Soup version 0.31-a0-618-g7ca08c1ff9 (webtiles) character file.

Game seed: 1480566984610182515

1415 gruber the Summoner (level 8, -2/67 (78) HPs)
             Began as a Barachi Summoner on Aug 22, 2023.
             Killed by divine providence
             ... invoked by Jeremiah
              (8 damage)
             ... on level 6 of the Dungeon.
             The game lasted 00:10:23 (4806 turns).

gruber the Summoner (Barachi Summoner)              Turns: 4806, Time: 00:10:23

HP:   -2/67 (78)    AC: 24    Str:  9    XL:     8   Next: 71%
MP:   11/17         EV:  2    Int: 17    God:
Gold: 260           SH:  0    Dex: 14    Spells: 10/19 levels left

rFire   . . .        r - +1 whip (elec)
rCold   . . .        (no shield)
rNeg    . . .        v - melded +1 leather armour {rC+}
rPois   +            d - melded +0 helmet
rElec   .            (cloak currently unavailable)
rCorr   .            i - melded +1 pair of gloves
SInv    .            k - melded +0 pair of boots
Will    .....        (no amulet)
Stlth   ++           (no ring)
HPRegen 0.31/turn    (no ring)
MPRegen 0.15/turn

%: no passive effects
@: tree-form, attractive, hasted, heavily drained, very quick
A: stationary, stasis, torment immunity, boosted hp, (amphibious), (slowness 1),
(strong legs 1), +LOS
a: no special abilities


You were on level 6 of the Dungeon.
You were a tree.
You visited 1 branch of the dungeon, and saw 6 of its levels.

You collected 260 gold pieces.

Inventory:

Hand Weapons
 o - a +0 dagger of venom
 r - a +1 whip of electrocution (weapon)
Armour
 d - a +0 helmet (melded)
 i - a +1 pair of gloves (melded)
 k - a +0 pair of boots (melded)
 v - a +1 leather armour of cold resistance (melded)
Wands
 t - a wand of flame (8)
Scrolls
 a - 2 scrolls of noise {unknown}
 c - 3 scrolls of blinking {unknown}
 e - 6 scrolls of identify {unknown}
 h - a scroll of fog {unknown}
 j - 2 scrolls of poison {unknown}
 s - a scroll of revelation {unknown}
 u - a scroll of immolation {unknown}
 w - a scroll of teleportation {unknown}
Potions
 l - a potion of enlightenment {unknown}
 m - 2 potions of cancellation
 n - a potion of attraction
 p - 2 potions of haste
 q - a potion of invisibility {unknown}
 x - a potion of might {unknown}


   Skills:
 * Level 5.4 Armour
 - Level 2.1 Dodging
 - Level 1.7 Stealth
 - Level 6.0 Spellcasting
 - Level 10.1 Summonings


You had 10 spell levels left.
You knew the following spells:

 Your Spells              Type           Power      Damage    Failure   Level
a - Summon Small Mammal   Summ           100%       N/A       1%          1
b - Call Imp              Summ           78%        N/A       1%          2
c - Call Canine Familiar  Summ           39%        N/A       1%          3
d - Summon Guardian Gole  Hex/Summ       22%        N/A       4%          3

Your spell library contained the following spells:

 Spells                   Type           Power      Damage    Failure   Level
 Freeze                   Ice            20%        1d4       13%         1
 Summon Lightning Spire   Summ/Air       22%        N/A       16%         4
 Frozen Ramparts          Ice            10%        1d2       36%         3
 Hailstorm                Conj/Ice       5%         3d4       36%         3


Dungeon Overview and Level Annotations

Branches:
Dungeon (6/15)
 Temple: D:4-7

Altars:
Dithmenos
Nemelex Xobeh
Okawaru

Shops:
D:5 (

Annotations:
D:6 Jeremiah


Innate Abilities, Weirdness & Mutations

You are a tree.
Your roots penetrate the ground, keeping you stationary.
You cannot be teleported.
You are immune to unholy pain and torment.
Your maximum health is greatly increased.
Your equipment is partially melded.
((You are amphibious.))
((You cover ground slowly.))
((You can hop short distances.))
You have an extended range of vision and can be seen from far away.


Message History

Your wolf closely misses the butterfly.
Your cerulean imp closely misses Jeremiah.
The butterfly is attracted toward you.
Unknown command.
Unknown command.
The butterfly disappears in a burst of colours! x2
Your wolf barely misses the butterfly.
Your quokka bites the butterfly.
The butterfly dies!
The butterfly disappears in a burst of colours!
Your quokka bites the butterfly.
The butterfly dies!
The butterfly disappears in a burst of colours!
The butterfly is attracted toward you. x2
Unknown command.
Unknown command.
Your wolf bites the butterfly!
The butterfly dies!
The butterfly disappears in a burst of colours!
Your cerulean imp hits Jeremiah from afar with a -1 spear.
Your quokka misses the butterfly. Jeremiah is attracted toward you.
The butterfly is attracted toward you.
Unknown command.
Unknown command.
Unknown command.
What are your orders? t - Creak!
Orders for allies: a - Attack new target. p - Attack previous target. r - Retreat! s - Stop attacking. g - Guard the area. f - Follow me.
Anything else - Cancel.
Gang up on whom?
Press: ? - help, Dir - move target, f/p - Jeremiah
Aim: Jeremiah, wielding a +2 trident of draining, wearing a +0 robe and wearing an orb of guile (severely wounded, ally target) Attack!
The butterfly disappears in a burst of colours!
Your wolf closely misses Jeremiah.
Jeremiah shouts, "O dreadful one, destroy my foe!"
Something smites you!
You die...
Jeremiah asks, "What happened?
Did... did you die?"

......####......#
...... #.##..##
..... ...##.##
...
#.####..########
# #...#..b#...##
#.##..bbb....##
#>#.b.bFbb....#
#..#b..h5rb....#
...).§§.♣......#
##.###.b.r..)..##
#..#.§....#...##
#..##.##########
#...... . #.. ...


You could see Jeremiah (ally target), a friendly wolf (summoned), a friendly
cerulean imp (summoned) and 2 friendly quokkas.

Vanquished Creatures
  A bullfrog (D:6)
  A hound (D:5)
  An iguana (D:3)
  An adder (D:4)
  A worm (D:3)
  2 dart slugs
  4 orcs
  An endoplasm (D:4)
  5 giant cockroaches
  2 goblins
  4 hobgoblins
  A jackal (D:2)
  A quokka (D:4)
  3 ball pythons
  6 bats
  3 rats (D:3)
37 creatures vanquished.

Vanquished Creatures (collateral kills)
  Sigmund (D:3)
  Edmund (D:5)
  An orc warrior (D:6)
  4 ogres
  3 scorpions
  3 hounds
  An iguana (D:5)
  3 orc wizards
  8 gnolls
  An adder (D:2)
  5 worms
  2 dart slugs
  5 orcs (D:6)
  2 ball pythons (D:1)
  4 bats (D:1)
  5 endoplasms
  3 giant cockroaches
  9 goblins
  3 hobgoblins
  2 jackals (D:2)
  4 kobolds
  A frilled lizard (D:1)
  A rat (D:2)
72 creatures vanquished.

Vanquished Creatures (others)
  A shadow imp (D:6)
1 creature vanquished.

Grand Total: 110 creatures vanquished

Notes
Turn   | Place    | Note
-------+----------+-------------------------------------------
     0 | D:1      | gruber the Barachi Summoner began the quest for the Orb.
     0 | D:1      | Reached XP level 1. HP: 13/13 MP: 3/3
   126 | D:1      | Reached skill level 5 in Summonings
   147 | D:1      | Reached XP level 2. HP: 19/19 MP: 1/5
   733 | D:2      | Learned a level 2 spell: Call Imp
   761 | D:2      | Reached XP level 3. HP: 22/24 MP: 3/6
   819 | D:2      | Reached skill level 6 in Summonings
   959 | D:2      | Reached XP level 4. HP: 21/30 MP: 2/7
  1434 | D:2      | Reached skill level 7 in Summonings
  1564 | D:2      | Learned a level 3 spell: Call Canine Familiar
  1839 | D:3      | Found an iron altar of Okawaru.
  1839 | D:3      | Found a shadowy altar of Dithmenos.
  1851 | D:3      | Noticed Sigmund
  1889 | D:3      | Killed Sigmund
  1890 | D:3      | Reached skill level 8 in Summonings
  1890 | D:3      | Reached XP level 5. HP: 30/35 MP: 2/8
  1890 | D:3      | Reached XP level 6. HP: 35/41 MP: 2/9
  2015 | D:3      | Reached skill level 9 in Summonings
  2386 | D:3      | Reached XP level 7. HP: 46/46 MP: 3/10
  2520 | D:3      | Learned a level 3 spell: Summon Guardian Golem
  2937 | D:4      | Reached skill level 10 in Summonings
  3519 | D:4      | Found a sparkling altar of Nemelex Xobeh.
  3730 | D:5      | Entered Level 5 of the Dungeon
  4095 | D:5      | Reached skill level 5 in Spellcasting
  4102 | D:5      | Reached XP level 8. HP: 33/52 MP: 11/15
  4314 | D:5      | Noticed Edmund
  4330 | D:5      | Killed Edmund
  4429 | D:5      | Reached skill level 1 in Armour
  4493 | D:5      | Found Faost's Weapon Emporium.
  4739 | D:6      | Reached skill level 5 in Armour
  4753 | D:6      | Noticed Jeremiah
  4785 | D:6      | HP: 2/49 [Jeremiah/divine providence (13)]
  4791 | D:6      | HP: 3/70 [Jeremiah/+2 trident of draining (1)]
  4806 | D:6      | Killed from afar by Jeremiah

Illustrated notes

Levels and vault maps discovered:
D:1:      mrwooster_arrival_statue_3, layout_rooms, minmay_split_cup_large
D:2:      layout_basic, grunt_ministairs_3, minmay_cupped
D:3:      layout_loops_cross, gammafunk_temple_overflow_elements,
          cheibrodos_sewer_entry_bend, minmay_ogre_servants, uniq_sigmund
D:4:      layout_cave_pools, nemelex_dance_club_becter
D:5:      layout_cave_pods, minmay_temple_entry_nine_rooms, serial_shops,
          nicolae_shop_bloodbath_and_beyond, minmay_misc_feat_rows, uniq_edmund,
          uniq_menkaure
D:6:      layout_rooms, uniq_jeremiah

Skill      XL: |  1  2  3  4  5  6  7  8 |
---------------+-------------------------+-----
Summonings     | 5 6 8 9 10 | 10.1
Spellcasting   | 5 6 |  6.0
Armour         | 5 |  5.4
Dodging        | |  2.1
Stealth        | |  1.7

Action                     |  1- 3 |  4- 6 |  7- 9 || total
---------------------------+-------+-------+-------++-------
  Melee: Dagger            |    36 |    16 |    22 ||    74
         Unarmed           |     4 |       |       ||     4
         Short sword       |    26 |    45 |       ||    71
         Punch             |     2 |     1 |     1 ||     4
         Whip              |       |       |    42 ||    42
   Cast: Summon Small Mamm |    33 |    17 |    36 ||    86
         Call Imp          |     1 |    11 |    20 ||    32
         Call Canine Famil |       |     7 |    32 ||    39
  Evoke: Wand              |       |       |     3 ||     3
    Use: Potion            |       |       |     6 ||     6
   Stab: Distracted        |     1 |     1 |       ||     2
         Sleeping          |       |       |     1 ||     1
 Armour: Robe              |    30 |    20 |    18 ||    68
         Skin              |       |       |     3 ||     3
         Leather armour    |       |       |     2 ||     2
  Dodge: Dodged            |    68 |    47 |    35 ||   150

Table legend: (Time is in decaauts)
 A = Elapsed time spent in this place.
 B = Non-inter-level travel time spent in this place.
 C = Inter-level travel time spent in this place.
 D = Time resting spent in this place.
 E = Time spent auto-exploring this place.
 F = Levels seen in this place.
 G = Mean time per level.
                   A        B        C        D        E       F      G
               +--------+--------+--------+--------+--------+-----+--------+
         Total |   5280 |   5109 |    171 |     10 |   4057 |   6 |  880.0 |
       Dungeon |   5280 |   5109 |    171 |     10 |   4057 |   6 |  880.0 |
               +--------+--------+--------+--------+--------+-----+--------+

Top non-repeatable levels by time:
     D:3: 1404 daAuts
     D:2: 974 daAuts
     D:4: 957 daAuts
     D:5: 880 daAuts
     D:1: 806 daAuts
     D:6: 257 daAuts
